 Dungeon Crawl Stone Soup version 0.30.0-29-ga12c61a403 (webtiles) character file.

Game seed: 4407396399162237354

10265 ces the Severer (level 11, -1/86 HPs)
             Began as a Minotaur Berserker on June 25, 2023.
             Was a Priest of Trog.
             Slain by a fire elemental (5 damage)
             ... summoned by a deep elf pyromancer
             ... on level 11 of the Dungeon.
             The game lasted 00:23:00 (12979 turns).

ces the Severer (Minotaur Berserker)               Turns: 12979, Time: 00:23:01

Health: -1/86      AC:  3    Str: 32    XL:     11   Next: 33%
Magic:  10/10      EV: 18    Int:  4    God:    Trog [***...]
Gold:   401        SH:  0    Dex:  8    Spells: 10/10 levels left

rFire   + . .        o - +8 war axe of Xom's Respect {flame, rF+ rC- Str+2}
rCold   x . .        (no shield)
rNeg    . . .        E - +0 leather armour of Gumur {Str+4}
rPois   .            (helmet restricted)
rElec   .            (no cloak)
rCorr   .            (no gloves)
SInv    .            (no boots)
Will    +....        (no amulet)
Stlth   +            s - +5 ring of evasion
HPRegen 0.34/turn    z - ring of willpower
MPRegen 0.12/turn

%: no passive effects
@: about to teleport, on berserk cooldown
A: horns 2, retaliatory headbutt, clumsy 1
a: Renounce Religion, Berserk, Trog's Hand


You were on level 11 of the Dungeon.
You worshipped Trog.
Trog was most pleased with you.
You visited 2 branches of the dungeon, and saw 12 of its levels.

You collected 613 gold pieces.
You spent 212 gold pieces at shops.

Inventory:

Hand Weapons
 o - the +8 war axe of Xom's Respect (weapon) {flame, rF+ rC- Str+2}
   (You bought it in a shop on level 2 of the Dungeon)

   Str:       It affects your strength (+2).
   rF:        It protects you from fire.
   rC:        It makes you vulnerable to cold.
Missiles
 x - a throwing net (quivered)
Armour
 b - a +0 animal skin
 E - the +0 leather armour of Gumur (worn) {Str+4}
   (You took it off a hobgoblin on level 2 of the Dungeon)

   Str:       It affects your strength (+4).
Jewellery
 c - an amulet of faith
 i - a ring of ice
 s - a +5 ring of evasion (left hand)
 z - a ring of willpower (right hand)
Wands
 p - a wand of charming (12)
 u - a wand of roots (3)
 y - a wand of flame (14)
 A - a wand of polymorph (10)
 C - a wand of light (4)
Scrolls
 a - 2 scrolls of identify
 d - 4 scrolls of enchant weapon
 e - a scroll of fear
 k - 4 scrolls of teleportation
 m - a scroll of torment {unknown}
 n - 4 scrolls of immolation
 r - a scroll of blinking
 B - a scroll of fog {unknown}
 D - a scroll of enchant armour {unknown}
 F - a scroll of magic mapping {unknown}
Potions
 f - 4 potions of magic
 g - 3 potions of attraction
 h - 2 potions of resistance
 j - a potion of curing
 l - 2 potions of brilliance
 q - a potion of cancellation {unknown}
 t - a potion of ambrosia
 v - a potion of invisibility
 w - 2 potions of flight


   Skills:
 + Level 5.0 Fighting
 * Level 18.6 Axes
 * Level 3.2 Armour
 + Level 8.7 Dodging
 - Level 0.3 Stealth


You had 10 spell levels left.
You didn't know any spells.
Your spell library was empty.

Dungeon Overview and Level Annotations

Branches:
Dungeon (11/15)            Temple (1/1) D:7             Orc (0/2) D:10
   Lair: D:8-11

Altars:
Ashenzari
Cheibriados
Dithmenos
Elyvilon
Fedhas
Gozag
Hepliaklqana
Kikubaaqudgha
Makhleb
Nemelex Xobeh
Okawaru
Qazlal
Ru
Sif Muna
Trog
Uskayaw
Wu Jian
Xom
Yredelemnul
Zin
The Shining One

Shops:
D:2 (   D:6 *!   D:8 *   D:10 ([

Annotations:
D:3 2 transporters


Innate Abilities, Weirdness & Mutations

You have a pair of horns on your head.
You reflexively headbutt those who attack you in melee.
You are clumsy. (Dex -2)


Message History

The fire elemental hits you. The fire elemental burns you! You resist.
The deep elf pyromancer gestures at you while chanting.
The bolt of fire hits the fire elemental.
The fire elemental completely resists.
The bolt of fire misses you. The fire elemental hits you.
The fire elemental burns you! You resist.
The fire elemental closely misses you.
The deep elf pyromancer points at you and mumbles some strange words.
The bolt of fire hits the fire elemental.
The fire elemental completely resists.
The bolt of fire hits the fire elemental.
The fire elemental completely resists.
The bolt of fire hits you! You resist.
The deep elf pyromancer casts a spell.
The deep elf pyromancer blinks!
The fire elemental barely misses you.
The fire elemental completely misses you.
The fire elemental hits you. The fire elemental burns you! You resist.
* * * LOW HITPOINT WARNING * * *
The fire elemental closely misses you. The fire elemental hits you.
The fire elemental burns you! You resist.
* * * LOW HITPOINT WARNING * * *
The fire elemental barely misses you.
The deep elf pyromancer attacks as you move away!
The deep elf pyromancer hits you with a +0 long sword.
* * * LOW HITPOINT WARNING * * *
The fire elemental disappears in a puff of smoke!
The deep elf pyromancer hits you with a +0 long sword!
* * * LOW HITPOINT WARNING * * *
There is a stone staircase leading up here.
Okay, then.
As you read the scroll of teleportation, it crumbles to dust.
You feel strangely unstable.
You feel yourself speed up. The fire elemental misses you.
You furiously retaliate!
You headbutt the fire elemental. The fire elemental hits you.
* * * LOW HITPOINT WARNING * * *
The fire elemental burns you! You resist.
* * * LOW HITPOINT WARNING * * *
The fire elemental hits you.
* * * LOW HITPOINT WARNING * * *
The fire elemental burns you! You resist.
You die...

..###.......°......#..
#.........°......#.D
######................#..######.
........######........#.........
#####...# #.°......#.........
#...# #........#......... #...#
#..○.....####+##### #...#
#EeE............... #...#
#.@................ #####...#
#.................. ........#
#.................# #####...#
#..##########.....+
#...######..# #.....#
#...........# #.....#
#...........# #.....#
#######.....# #...... #.....#
#######


You could see a deep elf pyromancer and 2 fire elementals.

Vanquished Creatures
  Fannar (D:10)
  Erolcha (D:9)
  A two-headed ogre (D:11)
  Amaemon (D:10)
  An ugly thing (D:9)
  Maurice (D:8)
  An orange demon (D:9)
  Psyche (D:9)
  A hornet (D:8)
  A vampire (D:10)
  A wraith (D:10)
  11 yaks
  Grum (D:8)
  3 wyverns
  2 steam dragons (D:8)
  Edmund (D:5)
  An acid dragon (D:10)
  Duvessa (D:7)
  A water moccasin (D:8)
  2 orc warriors
  3 sky beasts
  2 black bears
  2 wolves (D:8)
  3 ogres
  A phantom (D:5)
  6 centaurs
  2 kobold brigands
  3 bullfrogs
  A gnoll sergeant (D:7)
  A scorpion (D:7)
  5 wights (D:8)
  Dowan (D:7)
  3 howler monkeys (D:9)
  3 orc priests
  3 jellies
  An iguana (D:5)
  2 sleepcaps
  10 orc wizards
  Robin (D:3)
  8 gnolls
  14 adders
  2 shadow imps (D:6)
  A white imp (D:5)
  An ufetubus (D:6)
  2 worms (D:2)
  3 dart slugs
  26 orcs
  4 ball pythons
  7 bats
  3 endoplasms
  11 goblins
  6 hobgoblins
  3 jackals (D:5)
  3 frilled lizards
  16 kobolds
  4 rats
201 creatures vanquished.

Notes
Turn   | Place    | Note
-------+----------+-------------------------------------------
     0 | D:1      | ces the Minotaur Berserker began the quest for the Orb.
     0 | D:1      | Reached XP level 1. HP: 19/19 MP: 0/0
   678 | D:2      | Reached XP level 2. HP: 27/27 MP: 1/1
   726 | D:2      | Reached skill level 4 in Axes
   798 | D:2      | Reached XP level 3. HP: 18/33 MP: 2/2
  1046 | D:2      | Identified the +0 leather armour of Gumur {Str+4}
  1114 | D:2      | Found Suesooru's Antique Weapon Boutique.
  1337 | D:2      | Reached XP level 4. HP: 41/41 MP: 3/3
  1366 | D:2      | Reached skill level 5 in Axes
  1574 | D:3      | Reached ** piety under Trog
  1580 | D:3      | Reached XP level 5. HP: 30/47 MP: 4/4
  1654 | D:3      | Found a transporter.
  1807 | D:3      | Noticed Robin
  1812 | D:3      | Killed Robin
  1829 | D:3      | Reached skill level 6 in Axes
  2319 | D:3      | Found a hide-covered altar of Uskayaw.
  2325 | D:3      | Found a glowing silver altar of Zin.
  2330 | D:3      | Found a stormy altar of Qazlal.
  2406 | D:3      | Noticed a kobold demonologist
  2432 | D:3      | Found a transporter.
  3051 | D:4      | Found a shimmering altar of Xom.
  3116 | D:4      | Noticed a black bear
  3127 | D:4      | Killed a black bear
  3128 | D:4      | Reached skill level 7 in Axes
  3128 | D:4      | Reached XP level 6. HP: 29/53 MP: 5/5
  4023 | D:5      | Entered Level 5 of the Dungeon
  4043 | D:5      | Reached skill level 8 in Axes
  4590 | D:5      | Noticed Edmund
  4599 | D:5      | Killed Edmund
  4600 | D:5      | Reached XP level 7. HP: 60/60 MP: 6/6
  4726 | D:5      | Reached skill level 9 in Axes
  4975 | D:6      | Found Hacod's General Store.
  5188 | D:6      | Found Ilapu's Distillery.
  5324 | D:6      | Reached skill level 10 in Axes
  5426 | D:6      | Found the +7 great mace "Undeadhunter" {deathbane, rN+}
  5437 | D:6      | Found Ylal Fijumn's Assorted Antiques.
  5577 | D:6      | Reached XP level 8. HP: 47/67 MP: 7/7
  6293 | D:7      | Reached skill level 11 in Axes
  6685 | D:7      | Found a staircase to the Ecumenical Temple.
  6697 | D:7      | Noticed Dowan
  6699 | D:7      | Noticed Duvessa
  6706 | D:7      | Reached skill level 12 in Axes
  6715 | D:7      | Killed Duvessa
  6718 | D:7      | Killed Dowan
  6780 | Temple   | Entered the Ecumenical Temple
  7137 | D:7      | Reached skill level 5 in Dodging
  7572 | D:8      | Reached *** piety under Trog
  7573 | D:8      | Reached skill level 13 in Axes
  7573 | D:8      | Reached XP level 9. HP: 72/72 MP: 8/8
  7664 | D:8      | Noticed Grum
  7674 | D:8      | Killed Grum
  7987 | D:8      | Paralysed by a hornet for 3 turns
  7996 | D:8      | Reached skill level 14 in Axes
  8390 | D:8      | Found a blossoming altar of Fedhas.
  8874 | D:8      | Found Baodenol's Assorted Antiques.
  9043 | D:2      | Bought a fine war axe for 212 gold pieces
  9043 | D:2      | Identified the +8 war axe of Xom's Respect {flame, rF+ rC-
                  | Str+2} (You bought it in a shop on level 2 of the Dungeon)
  9359 | D:8      | Reached skill level 15 in Axes
  9367 | D:8      | Reached XP level 10. HP: 80/80 MP: 9/9
  9432 | D:8      | Noticed Maurice
  9520 | D:8      | Killed Maurice
  9878 | D:9      | Noticed Psyche
  9887 | D:9      | Killed Psyche
  9888 | D:9      | HP: 6/120 [centaur/arrow (6)]
  9893 | D:9      | Reached skill level 16 in Axes
 10321 | D:9      | Gained mutation: You are clumsy. (Dex -2) [potion of
                  | mutation]
 10348 | D:9      | Noticed Erolcha
 10358 | D:9      | Killed Erolcha
 10373 | D:10     | Entered Level 10 of the Dungeon
 10373 | D:10     | Found a hazy altar of Hepliaklqana.
 10553 | D:10     | Found Xiegaops's Weapon Boutique.
 10810 | D:10     | Found a staircase to the Orcish Mines.
 10817 | D:10     | Found Nealoil's Armour Boutique.
 10996 | D:10     | Reached skill level 17 in Axes
 11612 | D:10     | Found a broken altar of Ashenzari.
 11612 | D:10     | Noticed Fannar
 11646 | D:10     | Killed Fannar
 12070 | D:9      | Reached XP level 11. HP: 85/85 MP: 10/10
 12106 | D:9      | Noticed Amaemon
 12123 | D:10     | Killed Amaemon
 12124 | D:10     | Reached skill level 18 in Axes
 12142 | D:9      | Noticed a green ugly thing
 12154 | D:9      | Killed a green ugly thing
 12939 | D:11     | Noticed a two-headed ogre
 12945 | D:11     | Killed a two-headed ogre
 12946 | D:11     | Reached skill level 5 in Fighting
 12956 | D:11     | Noticed a deep elf pyromancer
 12979 | D:11     | HP: 4/86 [fire elemental[a deep elf pyromancer] (1)]
 12979 | D:11     | Slain by a fire elemental

Illustrated notes

Levels and vault maps discovered:
D:1:      psy_arrival_spokes, layout_basic
D:2:      layout_basic, serial_shops, nicolae_diamond_shop
D:3:      gammafunk_wand_slinger, layout_basic,
          minmay_overflow_temple_star_quad, uniq_robin
D:4:      layout_cave_pools, old_standard_altar, fountainhead
D:5:      layout_rooms, uniq_edmund
D:6:      layout_basic, serial_shops,
          nicolae_shop_temple_entry_statues_fountains, nicolae_shop_trees, shop
D:7:      layout_rooms, minmay_temple_entry_overgrown, kennysheep_donut,
          uniq_duvessa
D:8:      layout_loops_ring, kennysheep_little_box, serial_shops,
          nicolae_shop_advertising_works [nicolae_subvault_shop_adworks],
          uniq_maurice, uniq_grum
D:9:      layout_small_grid, vehumet_crystals, grunt_lair_entry_orc_guard_hut,
          item_on_display_a, uniq_psyche, uniq_amaemon, uniq_erolcha
D:10:     layout_layer_cave, mainiacjoe_overflow_alcove_4,
          mainiacjoe_overflow_alcove_2, orc_david_3, uniq_fannar
D:11:     layout_irregular_city
Temple:   nicolae_temple_two_arcs

Skill      XL: |  1  2  3  4  5  6  7  8  9 10 11 |
---------------+----------------------------------+-----
Axes           | 4 5 7 8 10 13 15 17 18 | 18.6
Fighting       | 4 5 |  5.0
Armour         | 3 |  3.2
Dodging        | 3 4 5 6 8 |  8.7
Stealth        | |  0.3

Action                     |  1- 3 |  4- 6 |  7- 9 | 10-12 || total
---------------------------+-------+-------+-------+-------++-------
  Melee: Hand axe          |    47 |   150 |   190 |       ||   387
         Headbutt          |     6 |    20 |    39 |    11 ||    76
         Punch             |     1 |       |     2 |       ||     3
         War axe           |       |       |    25 |   114 ||   139
 Invoke: Berserk           |     1 |     4 |    10 |     9 ||    24
         Trog's Hand       |       |       |     1 |     2 ||     3
    Use: Potion            |       |     2 |     8 |     5 ||    15
         Scroll            |       |       |       |    12 ||    12
   Stab: Distracted        |       |       |     1 |       ||     1
 Armour: Animal skin       |     5 |    26 |    26 |     3 ||    60
         Leather armour    |       |       |       |     8 ||     8
  Dodge: Dodged            |    35 |    81 |    98 |   125 ||   339
